Match 42300552
Unlisted

Match 42300552
End
Engineer Squad
Construct Barracks
Riflemen Squad
M1 Mortar Team
Riflemen Squad
Riflemen Squad
Construct Medical Station
Riflemen Squad
Selects Special Operations Battlegroup
Selects Raiding Flares
Selects M29 Weasel with M1 Pack Howitzer
Infantry Support Center
Grenade Package
Engineer Squad
Construct Tank Depot
Selects SSF Commando Squad
M29 Weasel with M1 Pack Howitzer
M4(105) Sherman Bulldozer
Selects P-47 Anti-Infantry Loiter
Engineer Squad
P-47 Anti-Infantry Loiter
M18 Hellcat Tank Destroyer
Selects Air Re-supply Operation
M1918 Browning Automatic Rifles
Advanced Logistics
SSF Commando Squad
Engineer Squad
P-47 Anti-Infantry Loiter
SSF Commando Squad
M4A1 Sherman Medium Tank
P-47 Anti-Infantry Loiter
Jack449
﴾✯﴿ Makora ﴾✯﴿
山田凉
Starsky
Gatom
cowald
0
0

Comments sign in to comment!

No comments posted yet!